 Dungeon Crawl Stone Soup version 0.31-a0-354-g827e0957a7 (webtiles) character file.

Game seed: 1589238737784577614

86 Bnni the Changeling (level 4, 0/29 HPs)
             Began as an Octopode Shapeshifter on July 24, 2023.
             Splashed by a jelly's acid (8 damage)
             ... on level 4 of the Dungeon.
             The game lasted 00:01:01 (1298 turns).

Bnni the Changeling (Octopode Shapeshifter)         Turns: 1298, Time: 00:01:01

Health: 0/29       AC: -3    Str: 14    XL:     4   Next: 49%
Magic:  4/4        EV: 13    Int: 10    God:
Gold:   70         SH:  0    Dex: 14    Spells: 3/3 levels left

rFire   . .          .
                       - Unarmed
rCold   . . .        (no shield)
rNeg    . . .        (helmet currently unavailable)
rPois   .            (no amulet)
rElec   .            (no ring)
rCorr   .            (no ring)
SInv    .            (no ring)
Will    .....        (no ring)
Stlth   ++           (no ring)
HPRegen 0.24/turn    (no ring)
MPRegen 0.09/turn    (no ring)
                     (no ring)

%: no passive effects
@: beast-form, corroded
A: beast (slay +2), almost no armour, amphibious, 8 rings, camouflage 1,
gelatinous body 1, (nimble swimmer 1), tentacles
a: Begin Untransformation


You were on level 4 of the Dungeon.
You were a hulking beast.
You visited 1 branch of the dungeon, and saw 3 of its levels.

You collected 70 gold pieces.

Inventory:

Talismans
 b - a beast talisman
Scrolls
 e - a scroll of blinking {unknown}
 f - 2 scrolls of teleportation {unknown}
 h - 2 scrolls of acquirement {unknown}
 j - 3 scrolls of identify {unknown}
Potions
 a - a potion of lignification
 c - a potion of berserk rage {unknown}
 d - a potion of invisibility {unknown}
 g - 4 potions of curing {unknown}
 i - a potion of cancellation {unknown}


   Skills:
 + Level 2.1 Fighting
 - Level 2.0 Dodging
 + Level 3.6 Unarmed Combat
 * Level 3.9 Shapeshifting


You had 3 spell levels left.
You didn't know any spells.
Your spell library was empty.

Dungeon Overview and Level Annotations

Branches:
Dungeon (2/15)

Altars:


Innate Abilities, Weirdness & Mutations

You are a hulking beast.
Your limbs bulge with bestial killing power. (Slay +2)
You cannot wear most types of armour.
You are amphibious.
You can wear up to eight rings at the same time.
Your skin changes colour to match your surroundings (Stealth+).
Your rubbery body absorbs attacks. (AC +1, EV +1)
((You are camouflaged when in or above water. (Stealth+)))
You have tentacles for arms and can constrict up to eight enemies at once.


Message History

You kill the endoplasm!
The jelly misses you.
You bludgeon the jelly!
Your tentacles burn!
You squeeze the jelly.
The jelly is severely wounded.
The jelly hits you.
You are splashed with acid!
You are too injured to fight recklessly!
You tentacle-slap the jelly.
Your tentacles burn!
* * * LOW HITPOINT WARNING * * *
You squeeze the jelly.
You kill the jelly!
Your Fighting skill increases to level 2!
You have reached level 4!
You start resting.
HP restored.
Found a runed scarf.
A jelly and an adder come into view.
You see here 8 gold pieces.
You now have 70 gold pieces (gained 8).
The adder hisses angrily.
The adder barely misses you.
You closely miss the adder.
The jelly quivers.
You grab the adder. You constrict the adder. The adder barely misses you.
You tentacle-slap the adder.
The adder is heavily wounded.
You constrict the adder, but do no damage.
The adder bites you.
You tentacle-slap the adder.
You kill the adder!
The jelly hits you. The acid corrodes you!
You are splashed with acid!
You tentacle-slap the jelly.
Your tentacles burn!
The jelly is lightly wounded.
The jelly closely misses you.
You are too injured to fight recklessly!
You tentacle-slap the jelly.
Your tentacles burn!
The jelly is moderately wounded.
The jelly hits you.
* * * LOW HITPOINT WARNING * * *
You are splashed with acid!
You die...

#. ####.#########
#[...........# ###
#............# #..
#............# #.# .
#............# #.#
...###............# #.#
...............#### #.#
......Jh.......### #.#
#................# #.#
#..............#.#####.#
#..............#.....#.#
#..............#####.#.#
#..............# #.#.#
################ #.#.#
#...# ##..#


You could see a jelly.

Vanquished Creatures
  A jelly (D:4)
  2 adders (D:4)
  3 worms
  A dart slug (D:1)
  An orc (D:4)
  6 ball pythons
  A bat (D:1)
  3 endoplasms
  2 giant cockroaches (D:1)
  3 goblins
  A hobgoblin (D:1)
  A kobold (D:1)
  2 rats
27 creatures vanquished.

Notes
Turn   | Place    | Note
-------+----------+-------------------------------------------
     0 | D:1      | Bnni the Octopode Shapeshifter began the quest for the Orb.
     0 | D:1      | Reached XP level 1. HP: 13/13 MP: 1/1
   212 | D:1      | Reached XP level 2. HP: 14/18 MP: 2/2
   918 | D:2      | Reached XP level 3. HP: 19/23 MP: 3/3
  1067 | D:2      | You fall into a shaft and drop 2 floors!
  1192 | D:4      | Reached XP level 4. HP: 6/29 MP: 4/4
  1298 | D:4      | Splashed by a jelly's acid

Illustrated notes

Levels and vault maps discovered:
D:1:      kilobyte_arrival_exit_the_forest, layout_loops_cross
D:2:      layout_basic
D:4:      layout_basic

Skill      XL: |  1  2  3 |
---------------+----------+-----
Fighting       | 2 |  2.1
Dodging        | |  2.0
Unarmed Combat | |  3.6
Shapeshifting  | |  3.9

Action                     |  1- 3 |  4- 6 || total
---------------------------+-------+-------++-------
  Melee: Unarmed           |    41 |     5 ||    46
         Constrict         |    12 |     1 ||    13
         Tentacles         |    12 |       ||    12
         Punch             |     2 |       ||     2
   Stab: Sleeping          |     8 |       ||     8
 Armour: Skin              |     2 |       ||     2
  Dodge: Dodged            |    11 |     3 ||    14

Table legend: (Time is in decaauts)
 A = Elapsed time spent in this place.
 B = Non-inter-level travel time spent in this place.
 C = Inter-level travel time spent in this place.
 D = Time resting spent in this place.
 E = Time spent auto-exploring this place.
 F = Levels seen in this place.
 G = Mean time per level.
                   A        B        C        D        E       F      G
               +--------+--------+--------+--------+--------+-----+--------+
         Total |   1294 |   1273 |     21 |    110 |    985 |   3 |  431.3 |
       Dungeon |   1294 |   1273 |     21 |    110 |    985 |   3 |  431.3 |
               +--------+--------+--------+--------+--------+-----+--------+

Top non-repeatable levels by time:
     D:1: 790 daAuts
     D:2: 274 daAuts
     D:4: 229 daAuts
